Avalanche vs Stars (R1)

Created - December 9, 2019 at 19:02

Goals
1 2 3 T
Avalanche 0 2 2 4
Stars 0 4 2 6
Shots
1 2 3 T
Avalanche 11 13 10 34
Stars 4 8 12 24

1st period

No Goal

Penalties :
Erik Karlsson (Col) for Roughing (Minor) at 7:19, Paul Stastny (Col) for Hooking (Minor) at 15:57, Antoine Vermette (Dal) for Interference (Minor) at 19:04

2nd period

1. Avalanche , Darren Reid 7 (Kyle Turris 7, Matt Moulson 10) at 4:52
2. Stars , John Tavares 13 (Guillaume Latendresse 16, Michael Grabner 11) at 5:26
3. Stars , Alexander Frolov 3 (Cory Emmerton 3) at 13:04
4. Stars , Alexander Frolov 4 (Brian Lee 9, B.J. Crombeen 4) at 16:12
5. Stars , Cory Emmerton 2 (Johnny Oduya 7) at 17:50
6. Avalanche , Patric Hornqvist 14 (Bryan Little 20, Mikkel Boedker 18) at 19:54

Penalties :
Johnny Oduya (Dal) for Hooking (Minor) at 2:13, Dmitry Kulikov (Col) for Interference (Minor) at 7:01, Mikkel Boedker (Col) for Slashing (Minor) at 13:33

3rd period

7. Avalanche , Darren Reid 8 (Kyle Turris 8, Marc Staal 6) at 0:54 (SH)
8. Stars , Guillaume Latendresse 9 (John Tavares 17, Michael Grabner 12) at 1:06 (PP)
9. Stars , Michael Grabner 9 (John Tavares 18, Guillaume Latendresse 17) at 1:59
10. Avalanche , Darren Reid 9 (Kyle Turris 9, Matt Moulson 11) at 18:48

Penalties :
Mikkel Boedker (Col) for Tripping (Minor) at 0:23, Andrew Ladd (Col) for Hooking (Minor) at 4:01, Brian Lee (Dal) for Hooking (Minor) at 9:52, Guillaume Latendresse (Dal) for Interference (Minor) at 13:36, Alexander Frolov (Dal) for Delaying the game (Minor) at 18:51

Goalie Stats

Semyon Varlamov (Col), 8 saves from 12 shots - (0.667), 37:50 minutes
Mike Brodeur (Col), 10 saves from 12 shots - (0.833), L, 2-3-0, 22:10 minutes
Cory Schneider (Dal), 30 saves from 34 shots - (0.882), W, 13-4-1, 60:00 minutes

Players Stats for Avalanche

Player Name              G  A  P  +/- PIM S  H  SB GA TA FO     MP     PP MP  PK MP  
------------------------------------------------------------------------------------
Alexander Radulov        0  0  0  -2  0   2  1  1  0  0  0/1    16:48   3:47   0:00 
Andrei Kostitsyn         0  0  0  -2  0   2  3  0  0  1  1/1    19:08   3:47   2:05 
Andrew Ladd              0  0  0   0  2   1  3  0  0  0  0/1    11:43   0:02   4:33 
Bryan Little             0  1  1  -2  0   5  2  0  1  0  14/26  19:15   5:17   0:00 
Charlie Coyle            0  0  0   0  0   1  0  1  0  0  3/18   12:51   0:00   5:42 
Damien Brunner           0  0  0   0  0   1  2  0  0  0  0/0     9:51   0:00   2:35 
Danny Richmond           0  0  0   1  0   2  4  0  0  0  0/0    17:24   3:11   4:36 
Darren Reid              3  0  3   3  0   3  1  0  0  0  0/0     8:34   0:00   2:39 
Dmitry Kulikov           0  0  0   0  2   2  0  0  0  0  0/0    23:13   3:11   4:51 
Erik Karlsson            0  0  0  -2  2   0  3  2  2  0  0/0    22:41   5:53   0:33 
Jack Johnson             0  0  0  -2  0   1  1  3  1  0  0/0    25:34   5:53   4:36 
Kyle Turris              0  3  3   3  0   1  0  0  1  0  2/3     9:02   0:00   3:07 
Marc Staal               0  1  1   0  0   2  1  1  0  0  0/0    21:07   0:00   6:02 
Matt Moulson             0  2  2   2  0   0  0  0  0  0  0/0     5:31   0:00   0:35 
Mattias Ekholm           0  0  0   1  0   1  3  0  0  0  0/0    10:39   0:00   0:38 
Mikkel Boedker           0  1  1  -2  4   3  3  0  1  0  0/1    19:40   5:17   0:00 
Patric Hornqvist         1  0  1  -2  0   4  1  2  0  0  3/4    19:13   5:15   0:00 
Paul Stastny             0  0  0  -2  2   3  0  0  1  0  8/15   17:02   3:47   0:00 

Players Stats for Stars

Player Name              G  A  P  +/- PIM S  H  SB GA TA FO     MP     PP MP  PK MP  
------------------------------------------------------------------------------------
Alex Chiasson            0  0  0  -2  0   1  1  1  0  0  0/0    15:24   4:46   0:00 
Alexander Frolov         2  0  2   3  2   3  3  1  0  0  0/0    10:39   0:17   1:21 
Andrej Sustr             0  0  0  -2  0   0  0  0  0  0  0/0    11:30   0:00   1:47 
Antoine Vermette         0  0  0  -2  2   2  0  0  0  1  12/18  18:33   4:46   2:29 
B.J. Crombeen            0  1  1   3  0   0  0  1  0  1  1/1     8:04   0:06   0:00 
Boris Valabik            0  0  0   2  0   1  0  0  0  1  0/0    22:02   4:14   3:13 
Brian Lee                0  1  1   1  2   1  1  0  0  1  0/0    27:38   6:24   4:44 
Cam Atkinson             0  0  0   0  0   0  0  0  1  0  0/0     6:27   0:00   0:00 
Cory Emmerton            1  1  2   3  0   2  0  0  0  0  7/9     9:39   0:00   1:55 
Evgeny Grachev           0  0  0   0  0   0  0  0  0  0  0/2     6:27   0:00   0:00 
Guillaume Latendresse    1  2  3   0  2   3  4  1  0  0  1/2    24:12   5:35   4:26 
Ian White                0  0  0   1  0   2  0  2  0  1  0/0    28:47   6:24   5:52 
John Tavares             1  2  3   0  0   4  3  1  0  0  18/36  26:00   5:46   5:24 
Johnny Oduya             0  1  1   2  2   0  1  2  0  1  0/0    20:56   4:14   2:32 
Jussi Jokinen            0  0  0  -2  0   2  1  0  0  0  0/2    17:57   4:46   2:33 
Michael Grabner          1  2  3   0  0   3  1  0  0  0  0/0    19:23   5:35   0:00 
Niklas Hjalmarsson       0  0  0  -2  0   0  0  0  0  1  0/0     9:36   0:00   0:00 
Ted Purcell              0  0  0   0  0   0  0  1  0  0  0/0     7:37   0:17   0:00 

3 Stars

1 - Darren Reid (Col)
2 - Alexander Frolov (Dal)
3 - John Tavares (Dal)

Power Play

Avalanche - 0 on 5 Attempt(s) - 0.00%
Stars - 1 on 6 Attempt(s) - 16.67%

Penalty Kill

Avalanche - 5 on 6 Attempt(s) - 83.33% - Score 1 goal in Penalty Kill
Stars - 5 on 5 Attempt(s) - 100.00% - Score 0 goal in Penalty Kill

Team Stat

Avalanche - Hits : 28 - Faceoff Wins : 31 - Blocked Shots : 10 - Penalty Minutes : 12
Stars - Hits : 15 - Faceoff Wins : 39 - Blocked Shots : 10 - Penalty Minutes : 10

Official

Referees : Unknown
Linesman : Unknown

Game Notes

Mike Brodeur enters game at 17:50 of 2nd period
Darren Reid has scored a Hat Trick!

Finance

Level 1 -- Attendance: 5731 (95.52%) -- Ticket Income $618,948
Level 2 -- Attendance: 4185 (83.70%) -- Ticket Income $292,950
Level 3 -- Attendance: 2000 (100.00%) -- Ticket Income $80,000
Level 4 -- Attendance: 2668 (66.70%) -- Ticket Income $93,380
Luxury Box -- Attendance: 840 (84.00%) -- Ticket Income $157,080
Game was played at the American Airlines Center.
Total Attendance: 15424 (85.69%)
Total Ticket Income: $1,242,358
Other Income: $186,354
Total Income: $1,428,712

Avalanche

5 vs 5 Forward 
   Center                   Left Wing                Right Wing               Time % Phy DF OF 
 1 Bryan Little             Mikkel Boedker           Patric Hornqvist         35     1   2  2  
 2 Paul Stastny             Andrei Kostitsyn         Alexander Radulov        35     1   2  2  
 3 Charlie Coyle            Andrew Ladd              Damien Brunner           20     1   2  2  
 4 Kyle Turris              Matt Moulson             Darren Reid              10     1   2  2  

5 vs 5 Defense 
   Defense                  Defense                                           Time % Phy DF OF 
 1 Jack Johnson             Erik Karlsson                                     40     1   2  2  
 2 Marc Staal               Dmitry Kulikov                                    35     1   2  2  
 3 Mattias Ekholm           Danny Richmond                                    25     1   2  2  
 4 Jack Johnson             Marc Staal                                        0      1   2  2  

PowerPlay Forward 
   Center                   Left Wing                Right Wing               Time % Phy DF OF 
 1 Bryan Little             Mikkel Boedker           Patric Hornqvist         60     1   2  2  
 2 Paul Stastny             Andrei Kostitsyn         Alexander Radulov        40     1   2  2  

PowerPlay Defense
   Defense                  Defense                                           Time % Phy DF OF 
 1 Jack Johnson             Erik Karlsson                                     60     1   2  2  
 2 Danny Richmond           Dmitry Kulikov                                    40     1   2  2  

Penalty Kill 4 Players Forward 
   Center                   Wing                     Time % Phy DF OF 
 1 Charlie Coyle            Andrew Ladd              60     1   2  2  
 2 Kyle Turris              Darren Reid              40     1   2  2  

Penalty Kill 4 Players Defense
   Defense                  Defense                  Time % Phy DF OF 
 1 Dmitry Kulikov           Marc Staal               60     1   2  2  
 2 Danny Richmond           Jack Johnson             40     1   2  2  

Penalty Kill - 3 Players Forward 
   Forward                                           Time % Phy DF OF 
 1 Mikkel Boedker                                    60     1   2  2  
 2 Patric Hornqvist                                  40     1   2  2  

Penalty Kill - 3 Players Defense
   Defense                  Defense                  Time % Phy DF OF 
 1 Jack Johnson             Marc Staal               60     1   2  2  
 2 Erik Karlsson            Danny Richmond           40     1   2  2  

4 vs 4 Forward 
   Center                   Wing                     Time % Phy DF OF 
 1 Mikkel Boedker           Patric Hornqvist         60     1   2  2  
 2 Bryan Little             Paul Stastny             40     1   2  2  

4 vs 4 Defense
   Defense                  Defense                  Time % Phy DF OF 
 1 Danny Richmond           Marc Staal               60     1   2  2  
 2 Erik Karlsson            Jack Johnson             40     1   2  2  

Last Minutes Offensive
   Center                   Left Wing                Right Wing               Defense                  Defense                  
   Bryan Little             Mikkel Boedker           Patric Hornqvist         Jack Johnson             Erik Karlsson            

Last Minutes Defensive
   Center                   Left Wing                Right Wing               Defense                  Defense                  
   Charlie Coyle            Andrew Ladd              Patric Hornqvist         Jack Johnson             Marc Staal               

Goaltenders
Starting : Semyon Varlamov          
Backup : Mike Brodeur             

Extra Forwards
Normal : Andrew Ladd, Matt Moulson, Damien Brunner - PP : Andrew Ladd, Matt Moulson - PK : Damien Brunner
Extra Defensemen
Normal : Dmitry Kulikov, Mattias Ekholm, Erik Karlsson - PP : Dmitry Kulikov - PK : Mattias Ekholm, Erik Karlsson
Penalty Shots
Mikkel Boedker, Patric Hornqvist, Bryan Little, Paul Stastny, Andrei Kostitsyn

Scratches
None

Stars

5 vs 5 Forward 
   Center                   Left Wing                Right Wing               Time % Phy DF OF 
 1 John Tavares             Guillaume Latendresse    Michael Grabner          40     1   2  2  
 2 Antoine Vermette         Jussi Jokinen            Alex Chiasson            30     1   2  2  
 3 Cory Emmerton            Alexander Frolov         B.J. Crombeen            20     1   2  2  
 4 Evgeny Grachev           Ted Purcell              Cam Atkinson             10     1   2  2  

5 vs 5 Defense 
   Defense                  Defense                                           Time % Phy DF OF 
 1 Ian White                Brian Lee                                         40     1   2  2  
 2 Boris Valabik            Johnny Oduya                                      30     1   2  2  
 3 Niklas Hjalmarsson       Andrej Sustr                                      20     1   2  2  
 4 Ian White                Brian Lee                                         10     1   2  2  

PowerPlay Forward 
   Center                   Left Wing                Right Wing               Time % Phy DF OF 
 1 John Tavares             Guillaume Latendresse    Michael Grabner          60     0   2  3  
 2 Antoine Vermette         Jussi Jokinen            Alex Chiasson            40     0   2  3  

PowerPlay Defense
   Defense                  Defense                                           Time % Phy DF OF 
 1 Ian White                Brian Lee                                         60     0   2  3  
 2 Boris Valabik            Johnny Oduya                                      40     0   2  3  

Penalty Kill 4 Players Forward 
   Center                   Wing                     Time % Phy DF OF 
 1 John Tavares             Guillaume Latendresse    60     0   3  2  
 2 Jussi Jokinen            Antoine Vermette         40     0   3  2  

Penalty Kill 4 Players Defense
   Defense                  Defense                  Time % Phy DF OF 
 1 Ian White                Brian Lee                60     0   3  2  
 2 Boris Valabik            Johnny Oduya             40     0   3  2  

Penalty Kill - 3 Players Forward 
   Forward                                           Time % Phy DF OF 
 1 John Tavares                                      60     0   3  2  
 2 Guillaume Latendresse                             40     0   3  2  

Penalty Kill - 3 Players Defense
   Defense                  Defense                  Time % Phy DF OF 
 1 Ian White                Brian Lee                60     0   3  2  
 2 Boris Valabik            Johnny Oduya             40     0   3  2  

4 vs 4 Forward 
   Center                   Wing                     Time % Phy DF OF 
 1 John Tavares             Guillaume Latendresse    60     1   2  2  
 2 Jussi Jokinen            Antoine Vermette         40     1   2  2  

4 vs 4 Defense
   Defense                  Defense                  Time % Phy DF OF 
 1 Ian White                Brian Lee                60     1   2  2  
 2 Boris Valabik            Johnny Oduya             40     1   2  2  

Last Minutes Offensive
   Center                   Left Wing                Right Wing               Defense                  Defense                  
   John Tavares             Guillaume Latendresse    Michael Grabner          Ian White                Brian Lee                

Last Minutes Defensive
   Center                   Left Wing                Right Wing               Defense                  Defense                  
   John Tavares             Guillaume Latendresse    Michael Grabner          Ian White                Brian Lee                

Goaltenders
Starting : Cory Schneider           
Backup : Brian Elliott            

Extra Forwards
Normal : Alexander Frolov, Ted Purcell, Cory Emmerton - PP : Alexander Frolov, Ted Purcell - PK : Cory Emmerton
Extra Defensemen
Normal : Niklas Hjalmarsson, Andrej Sustr, Boris Valabik - PP : Niklas Hjalmarsson - PK : Andrej Sustr, Boris Valabik
Penalty Shots
John Tavares, Guillaume Latendresse, Jussi Jokinen, Antoine Vermette, Alexander Frolov

Scratches
Shawn Matthias (Healthy)

% Time on Ice - Avalanche

Lines # - Real PCT - Wanted PCT - Time Play
Normal Forward
1 - 36% - 35% - 14:21
2 - 35% - 35% - 14:08
3 - 17% - 20% - 7:01
4 - 12% - 10% - 4:48
Normal Defense
1 - 42% - 40% - 16:56
2 - 35% - 35% - 14:09
3 - 21% - 25% - 8:22
4 - 2% - 0% - 0:51
PP Forward
1 - 58% - 60% - 5:17
2 - 42% - 40% - 3:47
PP Defense
1 - 65% - 60% - 5:53
2 - 35% - 40% - 3:11
PK Forward
1 - 75% - 60% - 7:59
2 - 25% - 40% - 2:39
PK Defense
1 - 57% - 60% - 6:02
2 - 43% - 40% - 4:36
PK3 Forward
1 - 0% - 60%
2 - 0% - 40%
PK3 Defense
1 - 0% - 60%
2 - 0% - 40%
44 Forward
1 - 0% - 60%
2 - 0% - 40%
44 Defense
1 - 0% - 60%
2 - 0% - 40%
Last Minute Offensive  - 0:00
Last Minute Defensive  - 0:00
Total
Forward - 60:00
Defense - 60:00

% Time on Ice - Stars

Lines # - Real PCT - Wanted PCT - Time Play
Normal Forward
1 - 38% - 40% - 15:29
2 - 26% - 30% - 10:38
3 - 19% - 20% - 7:44
4 - 16% - 10% - 6:27
Normal Defense
1 - 40% - 40% - 16:04
2 - 35% - 30% - 14:11
3 - 24% - 20% - 9:36
4 - 1% - 10% - 0:27
PP Forward
1 - 55% - 60% - 5:52
2 - 45% - 40% - 4:46
PP Defense
1 - 60% - 60% - 6:24
2 - 40% - 40% - 4:14
PK Forward
1 - 77% - 60% - 6:59
2 - 23% - 40% - 2:05
PK Defense
1 - 65% - 60% - 5:52
2 - 35% - 40% - 3:12
PK3 Forward
1 - 0% - 60%
2 - 0% - 40%
PK3 Defense
1 - 0% - 60%
2 - 0% - 40%
44 Forward
1 - 0% - 60%
2 - 0% - 40%
44 Defense
1 - 0% - 60%
2 - 0% - 40%
Last Minute Offensive  - 0:00
Last Minute Defensive  - 0:00
Total
Forward - 60:00
Defense - 60:00

Play-by-Play

1st period


0:01 of 1st period - Bryan Little wins face-off versus John Tavares in neutral zone.
2:09 of 1st period - Icing by Andrej Sustr.
2:10 of 1st period - Antoine Vermette wins face-off versus Charlie Coyle in Stars zone.
2:10 of 1st period - Antoine Vermette is hit by Andrew Ladd.
2:34 of 1st period - Niklas Hjalmarsson is hit by Alexander Radulov and loses puck.
2:47 of 1st period - Snap shot by Antoine Vermette.
2:47 of 1st period - Shot Misses the Net.
2:49 of 1st period - Snap shot by Jussi Jokinen.
2:49 of 1st period - Stopped by Semyon Varlamov without a rebound.
2:50 of 1st period - John Tavares wins face-off versus Bryan Little in Avalanche zone.
3:01 of 1st period - Brian Lee is hit by Patric Hornqvist and loses puck.
3:21 of 1st period - Darren Reid is hit by John Tavares and loses puck.
3:38 of 1st period - Wrist shot by Guillaume Latendresse.
3:38 of 1st period - Stopped by Semyon Varlamov without a rebound.
3:39 of 1st period - Cory Emmerton wins face-off versus Paul Stastny in Avalanche zone.
3:56 of 1st period - Wrist shot by Andrei Kostitsyn.
3:56 of 1st period - Deflect By Paul Stastny.
3:56 of 1st period - Stopped by Cory Schneider with a rebound.
3:58 of 1st period - Slapshot by Danny Richmond.
3:58 of 1st period - Deflect By Andrei Kostitsyn.
3:58 of 1st period - Shot Misses the Net.
3:58 of 1st period - Puck is out of play.
3:59 of 1st period - Bryan Little wins face-off versus Evgeny Grachev in Stars zone.
4:10 of 1st period - Slapshot by Bryan Little.
4:10 of 1st period - Shot Misses the Net.
5:05 of 1st period - Off-side.
5:06 of 1st period - Kyle Turris wins face-off versus Antoine Vermette in neutral zone.
5:31 of 1st period - Off-side.
5:32 of 1st period - Bryan Little wins face-off versus John Tavares in neutral zone.
5:37 of 1st period - Wrist shot by Mikkel Boedker.
5:37 of 1st period - Shot Misses the Net.
6:07 of 1st period - Snap shot by Paul Stastny.
6:07 of 1st period - Deflect By Andrei Kostitsyn.
6:07 of 1st period - Shot Blocked by Alexander Frolov.
6:07 of 1st period - Puck is out of play.
6:08 of 1st period - Charlie Coyle wins face-off versus Antoine Vermette in Stars zone.
7:09 of 1st period - Icing by Niklas Hjalmarsson.
7:10 of 1st period - John Tavares wins face-off versus Bryan Little in Stars zone.
7:10 of 1st period - John Tavares is hit by Mikkel Boedker.
7:19 of 1st period - Minor Penalty to Erik Karlsson for Roughing.
7:20 of 1st period - Antoine Vermette wins face-off versus Charlie Coyle in Avalanche zone.
9:14 of 1st period - Brian Lee is hit by Darren Reid and loses puck.
9:19 of 1st period - Penalty to Erik Karlsson is over, Erik Karlsson is back on ice.
9:57 of 1st period - Wrist shot by Erik Karlsson.
9:57 of 1st period - Deflect By Kyle Turris.
9:57 of 1st period - Shot Blocked by Ted Purcell.
9:57 of 1st period - Puck is out of play.
9:58 of 1st period - Antoine Vermette wins face-off versus Bryan Little in Stars zone.
10:05 of 1st period - Alex Chiasson is hit by Bryan Little and loses puck.
10:24 of 1st period - B.J. Crombeen is hit by Mattias Ekholm and loses puck.
10:43 of 1st period - Andrej Sustr is hit by Jack Johnson and loses puck.
12:28 of 1st period - Snap shot by Andrew Ladd.
12:28 of 1st period - Deflect By Michael Grabner.
12:28 of 1st period - Stopped by Cory Schneider without a rebound.
12:29 of 1st period - Antoine Vermette wins face-off versus Charlie Coyle in Stars zone.
12:29 of 1st period - Antoine Vermette is hit by Erik Karlsson.
12:49 of 1st period - Snap shot by Damien Brunner.
12:49 of 1st period - Deflect By Andrew Ladd.
12:49 of 1st period - Shot Blocked by Alex Chiasson.
12:49 of 1st period - Puck is out of play.
12:50 of 1st period - Bryan Little wins face-off versus Cory Emmerton in Stars zone.
12:55 of 1st period - Wrist shot by Patric Hornqvist.
12:55 of 1st period - Stopped by Cory Schneider with a rebound.
12:57 of 1st period - Slapshot by Marc Staal.
12:57 of 1st period - Shot Blocked by Ian White.
12:59 of 1st period - Slapshot by Bryan Little.
12:59 of 1st period - Stopped by Cory Schneider without a rebound.
13:00 of 1st period - Cory Emmerton wins face-off versus Mikkel Boedker in Stars zone.
13:11 of 1st period - Slapshot by Brian Lee.
13:11 of 1st period - Shot Hit the Post.
13:19 of 1st period - Snap shot by Mikkel Boedker.
13:19 of 1st period - Shot Misses the Net.
13:21 of 1st period - Wrist shot by Bryan Little.
13:21 of 1st period - Shot Misses the Net.
13:23 of 1st period - Slapshot by Marc Staal.
13:23 of 1st period - Stopped by Cory Schneider with a rebound.
13:25 of 1st period - Wrist shot by Mikkel Boedker.
13:25 of 1st period - Stopped by Cory Schneider with a rebound.
13:27 of 1st period - Slapshot by Erik Karlsson.
13:27 of 1st period - Shot Blocked by Ian White.
13:29 of 1st period - Snap shot by Bryan Little.
13:29 of 1st period - Shot Misses the Net.
13:33 of 1st period - Backhand shot by Bryan Little.
13:33 of 1st period - Stopped by Cory Schneider without a rebound.
13:34 of 1st period - Paul Stastny wins face-off versus John Tavares in Stars zone.
13:49 of 1st period - Slapshot by John Tavares.
13:49 of 1st period - Stopped by Semyon Varlamov without a rebound.
13:50 of 1st period - Antoine Vermette wins face-off versus Bryan Little in Avalanche zone.
13:54 of 1st period - Icing by Bryan Little.
13:55 of 1st period - Patric Hornqvist wins face-off versus Antoine Vermette in Avalanche zone.
14:08 of 1st period - Snap shot by Antoine Vermette.
14:08 of 1st period - Stopped by Semyon Varlamov without a rebound.
14:09 of 1st period - John Tavares wins face-off versus Bryan Little in Avalanche zone.
14:40 of 1st period - Wrist shot by Jack Johnson.
14:40 of 1st period - Stopped by Cory Schneider without a rebound.
14:41 of 1st period - Paul Stastny wins face-off versus Antoine Vermette in Stars zone.
14:53 of 1st period - Off-side.
14:54 of 1st period - Bryan Little wins face-off versus John Tavares in neutral zone.
15:03 of 1st period - Snap shot by Bryan Little.
15:03 of 1st period - Shot Misses the Net.
15:05 of 1st period - Snap shot by Bryan Little.
15:05 of 1st period - Stopped by Cory Schneider with a rebound.
15:23 of 1st period - Alexander Radulov is hit by Brian Lee and loses puck.
15:57 of 1st period - Minor Penalty to Paul Stastny for Hooking.
15:58 of 1st period - Charlie Coyle wins face-off versus John Tavares in Avalanche zone.
17:21 of 1st period - Charlie Coyle is hit by Guillaume Latendresse and loses puck.
17:57 of 1st period - Penalty to Paul Stastny is over, Paul Stastny is back on ice.
18:02 of 1st period - Paul Stastny is hit by Alexander Frolov.
18:55 of 1st period - Andrej Sustr is hit by Andrei Kostitsyn and loses puck.
19:00 of 1st period - Wrist shot by Paul Stastny.
19:00 of 1st period - Stopped by Cory Schneider with a rebound.
19:02 of 1st period - Wrist shot by Jack Johnson.
19:02 of 1st period - Deflect By Alexander Radulov.
19:02 of 1st period - Stopped by Cory Schneider with a rebound.
19:04 of 1st period - Minor Penalty to Antoine Vermette for Interference.
19:05 of 1st period - Bryan Little wins face-off versus John Tavares in Stars zone.
19:22 of 1st period - Snap shot by Mikkel Boedker.
19:22 of 1st period - Shot Misses the Net.
Goals for this period are 0 for Avalanche vs 0 for Stars.
Shots for this period are 11 for Avalanche vs 4 for Stars.

2nd period


0:01 of 2nd period - John Tavares wins face-off versus Bryan Little in neutral zone.
1:04 of 2nd period - Penalty to Antoine Vermette is over, Antoine Vermette is back on ice.
1:15 of 2nd period - Slapshot by Kyle Turris.
1:15 of 2nd period - Shot Blocked by Guillaume Latendresse.
1:17 of 2nd period - Wrist shot by Kyle Turris.
1:17 of 2nd period - Shot Blocked by Johnny Oduya.
1:19 of 2nd period - Snap shot by Danny Richmond.
1:19 of 2nd period - Stopped by Cory Schneider without a rebound.
1:20 of 2nd period - B.J. Crombeen wins face-off versus Kyle Turris in Stars zone.
1:49 of 2nd period - Slapshot by Danny Richmond.
1:49 of 2nd period - Stopped by Cory Schneider without a rebound.
1:50 of 2nd period - Antoine Vermette wins face-off versus Paul Stastny in Stars zone.
2:13 of 2nd period - Minor Penalty to Johnny Oduya for Hooking.
2:14 of 2nd period - John Tavares wins face-off versus Bryan Little in Stars zone.
2:52 of 2nd period - Wrist shot by Paul Stastny.
2:52 of 2nd period - Stopped by Cory Schneider without a rebound.
2:53 of 2nd period - Bryan Little wins face-off versus Jussi Jokinen in Stars zone.
3:29 of 2nd period - Slapshot by Dmitry Kulikov.
3:29 of 2nd period - Stopped by Cory Schneider with a rebound.
3:31 of 2nd period - Snap shot by Andrei Kostitsyn.
3:31 of 2nd period - Stopped by Cory Schneider with a rebound.
4:13 of 2nd period - Penalty to Johnny Oduya is over, Johnny Oduya is back on ice.
4:50 of 2nd period - Snap shot by Kyle Turris.
4:50 of 2nd period - Stopped by Cory Schneider with a rebound.
4:52 of 2nd period - Snap shot by Darren Reid.
4:52 of 2nd period - Goal by Darren Reid - Avalanche : 1 - Stars : 0.
4:53 of 2nd period - John Tavares wins face-off versus Patric Hornqvist in neutral zone.
4:56 of 2nd period - Slapshot by Brian Lee.
4:56 of 2nd period - Shot Blocked by Erik Karlsson.
4:58 of 2nd period - Slapshot by Michael Grabner.
4:58 of 2nd period - Shot Blocked by Patric Hornqvist.
5:00 of 2nd period - Wrist shot by Michael Grabner.
5:00 of 2nd period - Stopped by Semyon Varlamov without a rebound.
5:01 of 2nd period - John Tavares wins face-off versus Bryan Little in Avalanche zone.
5:24 of 2nd period - Snap shot by Michael Grabner.
5:24 of 2nd period - Stopped by Semyon Varlamov with a rebound.
5:26 of 2nd period - Wrist shot by Guillaume Latendresse.
5:26 of 2nd period - Deflect By John Tavares.
5:26 of 2nd period - Goal by John Tavares - Avalanche : 1 - Stars : 1.
5:27 of 2nd period - Paul Stastny wins face-off versus John Tavares in neutral zone.
5:30 of 2nd period - Slapshot by Jack Johnson.
5:30 of 2nd period - Deflect By Alexander Radulov.
5:30 of 2nd period - Shot Hit the Post.
5:30 of 2nd period - Puck is out of play.
5:31 of 2nd period - John Tavares wins face-off versus Paul Stastny in Stars zone.
5:36 of 2nd period - Jack Johnson is hit by John Tavares.
5:42 of 2nd period - Slapshot by John Tavares.
5:42 of 2nd period - Shot Misses the Net.
5:44 of 2nd period - Snap shot by John Tavares.
5:44 of 2nd period - Shot Blocked by Erik Karlsson.
6:05 of 2nd period - Off-side.
6:06 of 2nd period - Bryan Little wins face-off versus Cory Emmerton in neutral zone.
6:33 of 2nd period - Marc Staal is hit by Johnny Oduya and loses puck.
7:01 of 2nd period - Minor Penalty to Dmitry Kulikov for Interference.
7:02 of 2nd period - John Tavares wins face-off versus Charlie Coyle in Avalanche zone.
7:37 of 2nd period - Darren Reid is hit by Jussi Jokinen and loses puck.
8:31 of 2nd period - Icing by Michael Grabner.
8:32 of 2nd period - John Tavares wins face-off versus Charlie Coyle in Stars zone.
8:32 of 2nd period - John Tavares is hit by Marc Staal.
9:01 of 2nd period - Penalty to Dmitry Kulikov is over, Dmitry Kulikov is back on ice.
9:20 of 2nd period - Mikkel Boedker is hit by Alexander Frolov and loses puck.
9:38 of 2nd period - Ted Purcell is hit by Andrei Kostitsyn and loses puck.
9:58 of 2nd period - Wrist shot by Antoine Vermette.
9:58 of 2nd period - Shot Misses the Net.
10:04 of 2nd period - Alex Chiasson is hit by Mattias Ekholm.
10:24 of 2nd period - Boris Valabik is hit by Andrew Ladd and loses puck.
10:37 of 2nd period - Slapshot by John Tavares.
10:37 of 2nd period - Shot Misses the Net.
10:56 of 2nd period - Slapshot by Brian Lee.
10:56 of 2nd period - Stopped by Semyon Varlamov without a rebound.
10:57 of 2nd period - Paul Stastny wins face-off versus Evgeny Grachev in Avalanche zone.
11:20 of 2nd period - Wrist shot by Andrei Kostitsyn.
11:20 of 2nd period - Shot Misses the Net.
11:22 of 2nd period - Snap shot by Paul Stastny.
11:22 of 2nd period - Shot Misses the Net.
11:34 of 2nd period - Slapshot by Alexander Radulov.
11:34 of 2nd period - Stopped by Cory Schneider with a rebound.
11:48 of 2nd period - Slapshot by Paul Stastny.
11:48 of 2nd period - Shot Hit the Post.
11:50 of 2nd period - Snap shot by Andrei Kostitsyn.
11:50 of 2nd period - Shot Misses the Net.
12:10 of 2nd period - Snap shot by Andrei Kostitsyn.
12:10 of 2nd period - Shot Misses the Net.
12:12 of 2nd period - Snap shot by Andrei Kostitsyn.
12:12 of 2nd period - Shot Misses the Net.
12:14 of 2nd period - Slapshot by Andrei Kostitsyn.
12:14 of 2nd period - Shot Misses the Net.
12:18 of 2nd period - Wrist shot by Andrei Kostitsyn.
12:18 of 2nd period - Stopped by Cory Schneider without a rebound.
12:19 of 2nd period - John Tavares wins face-off versus Bryan Little in Stars zone.
12:19 of 2nd period - John Tavares is hit by Bryan Little.
12:56 of 2nd period - Snap shot by Jussi Jokinen.
12:56 of 2nd period - Deflect By Antoine Vermette.
12:56 of 2nd period - Stopped by Semyon Varlamov without a rebound.
12:57 of 2nd period - Cory Emmerton wins face-off versus Bryan Little in Avalanche zone.
13:04 of 2nd period - Snap shot by Alexander Frolov.
13:04 of 2nd period - Goal by Alexander Frolov - Avalanche : 1 - Stars : 2.
13:05 of 2nd period - Bryan Little wins face-off versus John Tavares in neutral zone.
13:08 of 2nd period - Guillaume Latendresse is hit by Erik Karlsson.
13:12 of 2nd period - Wrist shot by Mikkel Boedker.
13:12 of 2nd period - Shot Misses the Net.
13:33 of 2nd period - Minor Penalty to Mikkel Boedker for Slashing.
13:34 of 2nd period - John Tavares wins face-off versus Charlie Coyle in Avalanche zone.
14:54 of 2nd period - Antoine Vermette is hit by Danny Richmond and loses puck.
15:33 of 2nd period - Penalty to Mikkel Boedker is over, Mikkel Boedker is back on ice.
16:05 of 2nd period - Alexander Radulov is hit by Alexander Frolov and loses puck.
16:10 of 2nd period - Slapshot by B.J. Crombeen.
16:10 of 2nd period - Shot Misses the Net.
16:12 of 2nd period - Slapshot by Brian Lee.
16:12 of 2nd period - Deflect By Alexander Frolov.
16:12 of 2nd period - Goal by Alexander Frolov - Avalanche : 1 - Stars : 3.
16:13 of 2nd period - Patric Hornqvist wins face-off versus John Tavares in neutral zone.
16:16 of 2nd period - John Tavares is hit by Erik Karlsson and loses puck.
16:38 of 2nd period - Mikkel Boedker is hit by John Tavares and loses puck.
17:14 of 2nd period - Snap shot by Mikkel Boedker.
17:14 of 2nd period - Stopped by Cory Schneider without a rebound.
17:15 of 2nd period - Antoine Vermette wins face-off versus Charlie Coyle in Stars zone.
17:50 of 2nd period - Snap shot by Cory Emmerton.
17:50 of 2nd period - Goal by Cory Emmerton - Avalanche : 1 - Stars : 4.
17:50 of 2nd period - Mike Brodeur enters game.
17:51 of 2nd period - Andrei Kostitsyn wins face-off versus Antoine Vermette in neutral zone.
18:23 of 2nd period - Slapshot by John Tavares.
18:23 of 2nd period - Shot Misses the Net.
18:39 of 2nd period - Alexander Frolov is hit by Mattias Ekholm and loses puck.
18:45 of 2nd period - Boris Valabik is hit by Danny Richmond and loses puck.
19:20 of 2nd period - Marc Staal is hit by Alex Chiasson and loses puck.
19:50 of 2nd period - Snap shot by Mikkel Boedker.
19:50 of 2nd period - Deflect By Bryan Little.
19:50 of 2nd period - Stopped by Cory Schneider with a rebound.
19:52 of 2nd period - Slapshot by Patric Hornqvist.
19:52 of 2nd period - Stopped by Cory Schneider with a rebound.
19:54 of 2nd period - Snap shot by Patric Hornqvist.
19:54 of 2nd period - Goal by Patric Hornqvist - Avalanche : 2 - Stars : 4.
19:55 of 2nd period - Bryan Little wins face-off versus John Tavares in neutral zone.
19:57 of 2nd period - Off-side.
19:58 of 2nd period - Bryan Little wins face-off versus John Tavares in neutral zone.
Goals for this period are 2 for Avalanche vs 4 for Stars.
Shots for this period are 13 for Avalanche vs 8 for Stars.

3rd period


0:01 of 3rd period - John Tavares wins face-off versus Bryan Little in neutral zone.
0:23 of 3rd period - Minor Penalty to Mikkel Boedker for Tripping.
0:24 of 3rd period - John Tavares wins face-off versus Charlie Coyle in Avalanche zone.
0:54 of 3rd period - Snap shot by Darren Reid.
0:54 of 3rd period - Goal by Darren Reid - Avalanche : 3 - Stars : 4.
0:55 of 3rd period - John Tavares wins face-off versus Charlie Coyle in neutral zone.
1:04 of 3rd period - Slapshot by John Tavares.
1:04 of 3rd period - Shot Misses the Net.
1:06 of 3rd period - Snap shot by Guillaume Latendresse.
1:06 of 3rd period - Goal by Guillaume Latendresse - Avalanche : 3 - Stars : 5.
1:07 of 3rd period - Paul Stastny wins face-off versus John Tavares in neutral zone.
1:34 of 3rd period - Brian Lee is hit by Mikkel Boedker and loses puck.
1:47 of 3rd period - Slapshot by Ian White.
1:47 of 3rd period - Shot Blocked by Jack Johnson.
1:49 of 3rd period - Snap shot by Guillaume Latendresse.
1:49 of 3rd period - Stopped by Mike Brodeur with a rebound.
1:51 of 3rd period - Wrist shot by Michael Grabner.
1:51 of 3rd period - Shot Misses the Net.
1:53 of 3rd period - Snap shot by Guillaume Latendresse.
1:53 of 3rd period - Deflect By John Tavares.
1:53 of 3rd period - Stopped by Mike Brodeur with a rebound.
1:57 of 3rd period - Snap shot by John Tavares.
1:57 of 3rd period - Shot Misses the Net.
1:59 of 3rd period - Snap shot by Michael Grabner.
1:59 of 3rd period - Goal by Michael Grabner - Avalanche : 3 - Stars : 6.
2:00 of 3rd period - Antoine Vermette wins face-off versus Paul Stastny in neutral zone.
3:28 of 3rd period - Slapshot by Ted Purcell.
3:28 of 3rd period - Deflect By Jussi Jokinen.
3:28 of 3rd period - Stopped by Mike Brodeur with a rebound.
3:34 of 3rd period - Slapshot by Mattias Ekholm.
3:34 of 3rd period - Stopped by Cory Schneider without a rebound.
3:35 of 3rd period - Antoine Vermette wins face-off versus Paul Stastny in Stars zone.
3:35 of 3rd period - Antoine Vermette is hit by Andrei Kostitsyn.
3:46 of 3rd period - Wrist shot by Antoine Vermette.
3:46 of 3rd period - Shot Blocked by Alexander Radulov.
3:52 of 3rd period - Wrist shot by Alex Chiasson.
3:52 of 3rd period - Stopped by Mike Brodeur without a rebound.
3:53 of 3rd period - John Tavares wins face-off versus Andrew Ladd in Avalanche zone.
3:58 of 3rd period - Snap shot by John Tavares.
3:58 of 3rd period - Stopped by Mike Brodeur without a rebound.
3:59 of 3rd period - Charlie Coyle wins face-off versus John Tavares in Avalanche zone.
4:01 of 3rd period - Minor Penalty to Andrew Ladd for Hooking.
4:02 of 3rd period - John Tavares wins face-off versus Charlie Coyle in Avalanche zone.
4:08 of 3rd period - Slapshot by Michael Grabner.
4:08 of 3rd period - Shot Blocked by Marc Staal.
4:10 of 3rd period - Slapshot by Ian White.
4:10 of 3rd period - Shot Blocked by Charlie Coyle.
5:28 of 3rd period - Dmitry Kulikov is hit by Guillaume Latendresse.
6:01 of 3rd period - Penalty to Andrew Ladd is over, Andrew Ladd is back on ice.
6:12 of 3rd period - B.J. Crombeen is hit by Mikkel Boedker and loses puck.
6:23 of 3rd period - Snap shot by Patric Hornqvist.
6:23 of 3rd period - Shot Misses the Net.
6:25 of 3rd period - Wrist shot by Patric Hornqvist.
6:25 of 3rd period - Stopped by Cory Schneider with a rebound.
6:59 of 3rd period - Wrist shot by Erik Karlsson.
6:59 of 3rd period - Shot Misses the Net.
7:21 of 3rd period - Niklas Hjalmarsson is hit by Damien Brunner and loses puck.
7:48 of 3rd period - Off-side.
7:49 of 3rd period - Bryan Little wins face-off versus John Tavares in neutral zone.
8:00 of 3rd period - Wrist shot by John Tavares.
8:00 of 3rd period - Shot Blocked by Patric Hornqvist.
8:35 of 3rd period - Snap shot by Patric Hornqvist.
8:35 of 3rd period - Shot Misses the Net.
8:37 of 3rd period - Slapshot by Mikkel Boedker.
8:37 of 3rd period - Stopped by Cory Schneider with a rebound.
8:51 of 3rd period - Wrist shot by Bryan Little.
8:51 of 3rd period - Stopped by Cory Schneider without a rebound.
8:52 of 3rd period - Antoine Vermette wins face-off versus Paul Stastny in Stars zone.
9:20 of 3rd period - Icing by Niklas Hjalmarsson.
9:21 of 3rd period - Cory Emmerton wins face-off versus Charlie Coyle in Stars zone.
9:28 of 3rd period - Snap shot by Alexander Frolov.
9:28 of 3rd period - Stopped by Mike Brodeur without a rebound.
9:29 of 3rd period - Paul Stastny wins face-off versus Antoine Vermette in Avalanche zone.
9:52 of 3rd period - Minor Penalty to Brian Lee for Hooking.
9:53 of 3rd period - Bryan Little wins face-off versus Guillaume Latendresse in Stars zone.
10:36 of 3rd period - Wrist shot by Paul Stastny.
10:36 of 3rd period - Shot Misses the Net.
11:52 of 3rd period - Penalty to Brian Lee is over, Brian Lee is back on ice.
11:58 of 3rd period - Alexander Frolov is hit by Danny Richmond.
11:59 of 3rd period - Icing by Alexander Frolov.
12:00 of 3rd period - Antoine Vermette wins face-off versus Charlie Coyle in Stars zone.
12:05 of 3rd period - Slapshot by Ian White.
12:05 of 3rd period - Deflect By Damien Brunner.
12:05 of 3rd period - Stopped by Mike Brodeur with a rebound.
12:07 of 3rd period - Slapshot by Boris Valabik.
12:07 of 3rd period - Shot Misses the Net.
12:11 of 3rd period - Slapshot by Brian Lee.
12:11 of 3rd period - Shot Blocked by Jack Johnson.
12:13 of 3rd period - Slapshot by Alexander Frolov.
12:13 of 3rd period - Shot Misses the Net.
12:15 of 3rd period - Slapshot by Boris Valabik.
12:15 of 3rd period - Deflect By Alexander Frolov.
12:15 of 3rd period - Shot Misses the Net.
12:15 of 3rd period - Puck is out of play.
12:16 of 3rd period - Kyle Turris wins face-off versus John Tavares in Avalanche zone.
12:21 of 3rd period - Snap shot by Dmitry Kulikov.
12:21 of 3rd period - Stopped by Cory Schneider with a rebound.
12:23 of 3rd period - Snap shot by Kyle Turris.
12:23 of 3rd period - Shot Misses the Net.
12:25 of 3rd period - Snap shot by Darren Reid.
12:25 of 3rd period - Shot Misses the Net.
13:06 of 3rd period - Boris Valabik is hit by Andrew Ladd and loses puck.
13:29 of 3rd period - Wrist shot by Mikkel Boedker.
13:29 of 3rd period - Shot Blocked by Johnny Oduya.
13:31 of 3rd period - Snap shot by Patric Hornqvist.
13:31 of 3rd period - Shot Misses the Net.
13:33 of 3rd period - Backhand shot by Marc Staal.
13:33 of 3rd period - Stopped by Cory Schneider without a rebound.
13:34 of 3rd period - Guillaume Latendresse wins face-off versus Paul Stastny in Stars zone.
13:36 of 3rd period - Minor Penalty to Guillaume Latendresse for Interference.
13:37 of 3rd period - Bryan Little wins face-off versus John Tavares in Stars zone.
13:45 of 3rd period - Snap shot by Bryan Little.
13:45 of 3rd period - Shot Blocked by John Tavares.
13:47 of 3rd period - Slapshot by Jack Johnson.
13:47 of 3rd period - Shot Misses the Net.
13:49 of 3rd period - Snap shot by Mikkel Boedker.
13:49 of 3rd period - Shot Misses the Net.
13:51 of 3rd period - Snap shot by Jack Johnson.
13:51 of 3rd period - Shot Misses the Net.
14:31 of 3rd period - Brian Lee is hit by Danny Richmond and loses puck.
15:36 of 3rd period - Penalty to Guillaume Latendresse is over, Guillaume Latendresse is back on ice.
16:03 of 3rd period - Darren Reid is hit by Michael Grabner and loses puck.
16:18 of 3rd period - Wrist shot by Alexander Frolov.
16:18 of 3rd period - Shot Misses the Net.
16:20 of 3rd period - Slapshot by B.J. Crombeen.
16:20 of 3rd period - Deflect By Cory Emmerton.
16:20 of 3rd period - Shot Misses the Net.
16:20 of 3rd period - Puck is out of play.
16:21 of 3rd period - Cory Emmerton wins face-off versus Charlie Coyle in Avalanche zone.
16:28 of 3rd period - Slapshot by Danny Richmond.
16:28 of 3rd period - Shot Blocked by B.J. Crombeen.
16:30 of 3rd period - Slapshot by Andrew Ladd.
16:30 of 3rd period - Shot Misses the Net.
16:32 of 3rd period - Wrist shot by Charlie Coyle.
16:32 of 3rd period - Deflect By Alexander Frolov.
16:32 of 3rd period - Stopped by Cory Schneider with a rebound.
16:34 of 3rd period - Snap shot by Damien Brunner.
16:34 of 3rd period - Stopped by Cory Schneider without a rebound.
16:35 of 3rd period - John Tavares wins face-off versus Alexander Radulov in Stars zone.
16:43 of 3rd period - Snap shot by Ian White.
16:43 of 3rd period - Stopped by Mike Brodeur without a rebound.
16:44 of 3rd period - Paul Stastny wins face-off versus John Tavares in Avalanche zone.
16:44 of 3rd period - Paul Stastny is hit by Guillaume Latendresse.
17:14 of 3rd period - Alexander Radulov is hit by Guillaume Latendresse and loses puck.
17:37 of 3rd period - Snap shot by John Tavares.
17:37 of 3rd period - Deflect By Michael Grabner.
17:37 of 3rd period - Shot Misses the Net.
17:37 of 3rd period - Puck is out of play.
17:38 of 3rd period - Antoine Vermette wins face-off versus Bryan Little in Avalanche zone.
17:51 of 3rd period - Slapshot by Alex Chiasson.
17:51 of 3rd period - Shot Blocked by Jack Johnson.
17:53 of 3rd period - Snap shot by Jussi Jokinen.
17:53 of 3rd period - Shot Misses the Net.
17:55 of 3rd period - Wrist shot by Boris Valabik.
17:55 of 3rd period - Stopped by Mike Brodeur without a rebound.
17:56 of 3rd period - Cory Emmerton wins face-off versus Charlie Coyle in Avalanche zone.
17:59 of 3rd period - Snap shot by Cory Emmerton.
17:59 of 3rd period - Stopped by Mike Brodeur with a rebound.
18:07 of 3rd period - Johnny Oduya is hit by Damien Brunner and loses puck.
18:48 of 3rd period - Snap shot by Darren Reid.
18:48 of 3rd period - Goal by Darren Reid - Avalanche : 4 - Stars : 6.
18:49 of 3rd period - Cory Emmerton wins face-off versus Charlie Coyle in neutral zone.
18:51 of 3rd period - Minor Penalty to Alexander Frolov for Delaying the game.
18:52 of 3rd period - Patric Hornqvist wins face-off versus John Tavares in Stars zone.
19:50 of 3rd period - Off-side.
19:51 of 3rd period - Paul Stastny wins face-off versus Jussi Jokinen in neutral zone.
Goals for this period are 2 for Avalanche vs 2 for Stars.
Shots for this period are 10 for Avalanche vs 12 for Stars.